 Dungeon Crawl Stone Soup version 0.28.0-1-gb440e238dd (webtiles) character file.

Game seed: 236848029438326552

18 Strat the Ducker (level 2, 0/14 HPs)
             Began as a Felid Chaos Knight on Feb 25, 2022.
             Was a Plaything of Xom.
             Slain by a kobold (1 damage)
             ... on level 1 of the Dungeon.
             The game lasted 00:00:58 (531 turns).

Strat the Ducker (Felid Chaos Knight)                Turns: 531, Time: 00:00:58

Health: 0/14       AC:  1    Str:  8    XL:     2   Next: 51%
Magic:  3/3        EV: 18    Int: 13    God:    Xom [..*...]
Gold:   10         SH:  0    Dex: 15    Spells: 1/1 levels left
                                        Lives:  0   Deaths: 0

rFire   . . .      SeeInvis +     - Unarmed
rCold   . . .      Faith    .   (shield unavailable)
rNeg    . . .      Spirit   .   (armour unavailable)
rPois   .          Reflect  .   (helmet unavailable)
rElec   .          Harm     .   (cloak unavailable)
rCorr   .          Rampage  .   (gloves unavailable)
Will    .....                   (boots unavailable)
Stlth   +.........              (no amulet)
HPRegen 0.04/turn               (no ring)
MPRegen 0.08/turn               (no ring)

@: quick
A: very small, claws 1, fangs 3, see invisible, speed 1, shaggy fur 1, stealthy
paws, no weapons or thrown items, no armour, multi-lived
a: Renounce Religion


You were on level 1 of the Dungeon.
You worshipped Xom.
You were a toy of Xom.
You visited 1 branch of the dungeon, and saw 1 of its levels.

You collected 10 gold pieces.

Inventory:

Scrolls
 a - a scroll of immolation {unknown}
Potions
 b - a potion of degeneration {unknown}


   Skills:
 + Level 3.2 Fighting
 + Level 3.5 Dodging
 * Level 3.4 Unarmed Combat


You had one spell level left.
You didn't know any spells.
Your spell library was empty.

Dungeon Overview and Level Annotations

Branches:
Dungeon (1/15)

Altars:


Innate Abilities, Weirdness & Mutations

You have sharp claws.
You have razor-sharp teeth.
You have supernaturally acute eyesight. (SInv)
You cover ground quickly. (Speed+)
You are covered in fur. (AC +1)
Your paws help you pounce on unaware monsters.
You are incapable of wielding weapons or throwing items.
You cannot wear armour.
You gain extra lives every three experience levels.


Message History

You closely miss the goblin. You bite the goblin.
The goblin is severely wounded.
The goblin hits you with a +0 dagger.
* * * LOW HITPOINT WARNING * * *
You scratch the goblin but do no damage.
The goblin is severely wounded.
The goblin misses you.
You scratch the goblin.
You kill the goblin!
Things that are here:
a +0 dagger; a goblin corpse You now have 10 gold pieces.
A kobold is nearby!
Found a stone staircase leading down.
A bat comes into view.
A kobold comes into view. It is wielding a +0 short sword.
The kobold shouts!
The bat completely misses you. The bat misses you.
You closely miss the bat. The bat completely misses you.
You barely miss the bat. Your bite misses the bat. The bat closely misses you.
The kobold hits you but does no damage. The bat misses you.
You scratch the kobold.
The kobold is moderately wounded.
The bat hits you but does no damage.
The kobold hits you with a +0 short sword.
* * * LOW HITPOINT WARNING * * *
Xom is interested.
You closely miss the kobold.
The kobold shouts!
Your bite misses the kobold.
The kobold is moderately wounded.
The kobold completely misses you. The bat hits you but does no damage.
Unknown command.
You barely miss the kobold. You bite the kobold.
You kill the kobold!
The bat misses you.
You barely miss the kobold. The kobold hits you with a +0 dagger.
You die...
Xom yawns loudly!

. .. # ... .. ....
... .....#### ....
........# ....
......###@# # ....
........###K####.#
.....
..........b...>.#
.....
#.#......#......#
....
#.######.#.######
#..####........#.#
#..#........####.##
#..#.#.....)......#
#†.#.#............#


You could see a bat and a kobold.

Vanquished Creatures
  2 dart slugs (D:1)
  3 ball pythons (D:1)
  An endoplasm (D:1)
  A giant cockroach (D:1)
  2 goblins (D:1)
  A hobgoblin (D:1)
  2 kobolds (D:1)
12 creatures vanquished.

Notes
Turn   | Place    | Note
-------+----------+-------------------------------------------
     0 | D:1      | Strat the Felid Chaos Knight began the quest for the Orb.
     0 | D:1      | Reached XP level 1. HP: 10/10 MP: 2/2
    32 | D:1      | XOM: potion effect (invisibility)
   239 | D:1      | Reached XP level 2. HP: 11/14 MP: 3/3
   374 | D:1      | XOM: divination: magic mapping
   531 | D:1      | Slain by a kobold

Illustrated notes

Levels and vault maps discovered:
D:1:      wander_arrival_chamber, layout_basic, serial_shops,
          nicolae_shop_behind_doors

Action                   || total
-------------------------++-------
Melee: Unarmed           ||    35
       Bite              ||     8
       Punch             ||     2
 Stab: Sleeping          ||     2
Armor: Skin              ||     4
Dodge: Dodged            ||    25
